Map: Automaton LE

Players

Keen

  • Race: Terran Terran
  • Spawn Location: 3:00

Dear - Winner!

  • Race: Protoss Protoss
  • Spawn Location: 9:00

Event: IEM Season 13: Katowice (2019)

VOD

Have the link to the VOD?

Description

Time

  • Played on: Feb. 25, 2019, 10 a.m.
  • Length: 4:14

All games in this series

Show
View Real Time Build Order
Export as new Build Order

Keen Terran 

Build Orders: Reaper Expand 

Get SALT Encoding   

  12  0:00  SCV  
  13  0:12  SCV  
  14  0:18  Supply Depot  
  14  0:25  SCV  
  15  0:39  SCV  
  15  0:41  Barracks  
  16  0:44  Refinery  
  16  0:52  SCV  
  17  1:04  SCV  
  18  1:16  SCV  
  19  1:28  Reaper, Orbital Command  
  20  1:43  Command Center  
  20  1:52  Supply Depot  
  20  1:54  SCV  
  21  2:01  Barracks Reactor  
  21  2:04  Refinery  
  21  2:06  SCV  
  22  2:18  SCV  
  22  2:21  Factory  
  23  2:30  SCV  
  24  2:37  Marine x2  
  24  2:42  SCV  
  24  2:43  Command Center  
  26  2:47  Bunker x2  
  26  2:55  Marine  
  24  3:06  Factory Tech Lab  
  24  3:10  SCV  
  19  3:22  SCV  
  19  3:25  Cyclone  
  23  3:27  Marine  
  23  3:28  Marine  
  25  3:35  Supply Depot  
  24  3:42  Supply Depot  
  21  3:50  Marine  
Show
View Real Time Build Order
Export as new Build Order

Dear Protoss - Winner!

Build Orders:  

Get SALT Encoding   

  12  0:00  Probe  
  13  0:12  Probe  
  14  0:18  Pylon  
  14  0:24  Probe  
  15  0:32  Probe  
  15  0:38  Gateway  
  15  0:40  Probe  
  17  0:52  Pylon, Probe  
  18  0:59  Assimilator  
  18  1:04  Probe  
  19  1:12  Gateway  
  19  1:16  Probe  
  20  1:26  Cybernetics Core  
  20  1:32  Zealot  
  22  1:35  Probe  
  23  1:40  Assimilator  
  23  1:47  Probe  
  23  1:53  Stalker  
  24  1:54  Stalker  
  24  1:59  Probe  
  29  2:11  Pylon  
  29  2:24  Stalker  
  29  2:29  Stalker  
  32  2:44  Probe  
  33  2:54  Stalker  
  34  2:59  Stalker  
  34  3:01  Probe  
  33  3:13  Probe  
  34  3:25  Probe  
  35  3:38  Nexus  
  35  3:42  Probe  
  34  3:54  Stargate  
  34  3:57  Probe  

Tags
 
Add a new tag
Caveats
  • Supply blocks, unpowered buildings, or Contaminate may cause inaccurate times.
  • Supply counts are checked every 10 seconds.